PL
TOLEDO STINGERS @ BOSTON PATRIOTS
09/09/2042
 
TOP OF THE 1ST
Toledo Stingers batting - Pitching for Boston Patriots : RHP Joy-shan Men
Pitching: RHP Joy-shan Men
Batting: RHB Brook Linen 0-0: SINGLE (Groundball, 6MD, EV 105.0 MPH)
Batting: LHB Lester Threlfall 0-0: SINGLE (Groundball, 34D, EV 106.9 MPH)
Brook Linen to second
Runner from 2nd tries for 3rd, SAFE, no throw by RF
Batting: LHB Matt Dunlap 0-0: Ball
1-0: Foul Ball, location: 2F
1-1: Ball
2-1: Swinging Strike
2-2: Ball
3-2: Fly out, F7 (Flyball, 7S, EV 83.1 MPH)
Batting: RHB Baldomero Avino 0-0: Called Strike
0-1: Ball
1-1: Ball
2-1: Ball
3-1: Foul Ball, location: 2F
3-2: Foul Ball, location: 2F
3-2: Grounds into double play, 6-4-3 (Groundball, 6, EV 111.2 MPH)
Top of the 1st over - 0 runs, 2 hits, 0 errors, 1 left on base; Toledo 0 - Boston 0
BOTTOM OF THE 1ST
Boston Patriots batting - Pitching for Toledo Stingers : LHP Craig Fitzgerald
Pitching: LHP Craig Fitzgerald
Batting: LHB Juan Andrés Martí 0-0: Ball
1-0: Called Strike
1-1: Fly out, F4 (Line Drive, 4, EV 68.8 MPH)
Batting: RHB Tyler Bowen 0-0: Called Strike
0-1: SINGLE (Groundball, 6D, EV 96.9 MPH)
Batting: SHB Eisse van Opdorp 0-0: Called Strike
0-1: Ball
1-1: Swinging Strike
1-2: Ball
2-2: Strikes out swinging
Batting: SHB Jasper Morrison 0-0: Ball
1-0: SINGLE (Line Drive, 34, EV 95.6 MPH)
Tyler Bowen to second
Runner from 2nd tries for 3rd, SAFE, throw by RF made to third
Batting: RHB Jon Osterman 0-0: Swinging Strike
0-1: Ball
1-1: Swinging Strike
1-2: Strikes out swinging
Bottom of the 1st over - 0 runs, 2 hits, 0 errors, 2 left on base; Toledo 0 - Boston 0
TOP OF THE 2ND
Toledo Stingers batting - Pitching for Boston Patriots : RHP Joy-shan Men
Batting: LHB Pedro Serano 0-0: Ball
1-0: Ball
2-0: Called Strike
2-1: Foul Ball, location: 2F
2-2: Strikes out swinging
Batting: SHB Adam Clements 0-0: Ball
1-0: SINGLE (Line Drive, 7S, EV 91.2 MPH)
Batting: RHB Anselmo Berneu 0-0: Called Strike
0-1: Foul Ball, location: 2F
0-2: Ball
1-2: Strikes out swinging
Batting: RHB Jesse Garrett 0-0: Called Strike
0-1: Ball
1-1: Called Strike
1-2: Ball
2-2: Fly out, F8 (Flyball, 89S, EV 91.9 MPH)
Top of the 2nd over - 0 runs, 1 hit, 0 errors, 1 left on base; Toledo 0 - Boston 0
BOTTOM OF THE 2ND
Boston Patriots batting - Pitching for Toledo Stingers : LHP Craig Fitzgerald
Batting: RHB Alfredo Araújo 0-0: Ground out 5-3 (Groundball, 5, EV 86.9 MPH)
Batting: RHB Eikki Kankaanperä 0-0: Ball
1-0: Ball
2-0: Called Strike
2-1: Ball
3-1: Reached on error, E1 (Groundball, 15, EV 80.6 MPH)
Batting: RHB Juan Dávila 0-0: Ball
1-0: Swinging Strike
1-1: Ground out 5-3 (Groundball, 56, EV 81.2 MPH)
Batting: RHB Brevyn Spann-Ford 0-0: Ball
1-0: Called Strike
1-1: Called Strike
1-2: Strikes out swinging
Bottom of the 2nd over - 0 runs, 0 hits, 1 error, 1 left on base; Toledo 0 - Boston 0
TOP OF THE 3RD
Toledo Stingers batting - Pitching for Boston Patriots : RHP Joy-shan Men
Batting: LHB Grover Barbaran 0-0: Ball
1-0: Called Strike
1-1: SINGLE (Groundball, 34D, EV 100.0 MPH)
Batting: RHB Brook Linen 0-0: Ball
1-0: Foul Ball, location: 2F
1-1: Ground out 3-1 (Groundball, 34S, EV 62.5 MPH)
Grover Barbaran to second
Batting: LHB Lester Threlfall 0-0: Ball
1-0: Called Strike
1-1: Called Strike
1-2: Foul Ball, location: 2F
1-2: Ball
2-2: Strikes out swinging
Batting: LHB Matt Dunlap 0-0: Ball
1-0: Ball
2-0: Ball
3-0: Called Strike
3-1: Foul Ball, location: 2F
3-2: Foul Ball, location: 2F
3-2: Base on Balls
Batting: RHB Baldomero Avino 0-0: Ball
1-0: Foul Ball, location: 2F
1-1: Foul Ball, location: 2F
1-2: Foul Ball, location: 2F
1-2: SINGLE (Groundball, 6MD, EV 100.6 MPH)
Grover Barbaran to third
Matt Dunlap to second
Runner from 3rd tries for Home, SAFE, throw by CF to home
Batting: LHB Pedro Serano 0-0: SINGLE (Line Drive, 78M, EV 86.9 MPH)
Matt Dunlap to third
Baldomero Avino to second
Runner from 3rd tries for Home, SAFE, no throw by LF
Batting: SHB Adam Clements 0-0: Swinging Strike
0-1: Foul Ball, location: 2F
0-2: Ball
1-2: SINGLE (Line Drive, 8RS, EV 92.5 MPH)
Baldomero Avino to third
Pedro Serano to second
Runner from 3rd tries for Home, SAFE, no throw by CF
Batting: RHB Anselmo Berneu 0-0: Called Strike
0-1: Ground out 1-3 (Groundball, 34S, EV 70.0 MPH)
Top of the 3rd over - 3 runs, 4 hits, 0 errors, 2 left on base; Toledo 3 - Boston 0
BOTTOM OF THE 3RD
Boston Patriots batting - Pitching for Toledo Stingers : LHP Craig Fitzgerald
Batting: LHB Juan Andrés Martí 0-0: Called Strike
0-1: Swinging Strike
0-2: Ball
1-2: Ball
2-2: Foul Ball, location: 2F
2-2: Strikes out looking
Batting: RHB Tyler Bowen 0-0: Ball
1-0: Ground out 5-3 (Groundball, 56, EV 81.9 MPH)
Batting: SHB Eisse van Opdorp 0-0: Called Strike
0-1: Foul Ball, location: 2F
0-2: Strikes out swinging
Bottom of the 3rd over - 0 runs, 0 hits, 0 errors, 0 left on base; Toledo 3 - Boston 0
TOP OF THE 4TH
Toledo Stingers batting - Pitching for Boston Patriots : RHP Joy-shan Men
Batting: RHB Jesse Garrett 0-0: Ball
1-0: Called Strike
1-1: Ball
2-1: Foul Ball, location: 2F
2-2: Strikes out swinging
Batting: LHB Grover Barbaran 0-0: Ground out 4-3 (Groundball, 4, EV 83.8 MPH)
Batting: RHB Brook Linen 0-0: Swinging Strike
0-1: Fly out, F8 (Flyball, 8LM, EV 78.8 MPH)
Top of the 4th over - 0 runs, 0 hits, 0 errors, 0 left on base; Toledo 3 - Boston 0
BOTTOM OF THE 4TH
Boston Patriots batting - Pitching for Toledo Stingers : LHP Craig Fitzgerald
Batting: SHB Jasper Morrison 0-0: Ball
1-0: Ball
2-0: Ball
3-0: Base on Balls
Batting: RHB Jon Osterman 0-0: Called Strike
0-1: Foul Ball, location: 2F
0-2: Ball
1-2: Ball
2-2: Ball
3-2: Base on Balls
Jasper Morrison to second
Batting: RHB Alfredo Araújo 0-0: Ground out 6-3 (Groundball, 6S, EV 70.6 MPH)
Jasper Morrison to third
Jon Osterman to second
Batting: RHB Eikki Kankaanperä 0-0: Ball
1-0: Fly out, F9 (Flyball, 9LD, EV 95.6 MPH)
Runner from 3rd tags up, SCORES, no throw by RF
Jon Osterman to third
Batting: RHB Juan Dávila 0-0: Ball
1-0: Ball
2-0: Called Strike
2-1: DOUBLE (Flyball, 8LXD, EV 102.5 MPH)
Jon Osterman scores
Batting: RHB Brevyn Spann-Ford 0-0: Ball
1-0: Fly out, F8 (Flyball, 8LXD, EV 94.4 MPH)
Bottom of the 4th over - 2 runs, 1 hit, 0 errors, 1 left on base; Toledo 3 - Boston 2
TOP OF THE 5TH
Toledo Stingers batting - Pitching for Boston Patriots : RHP Joy-shan Men
Batting: LHB Lester Threlfall 0-0: Ball
1-0: Ball
2-0: Foul Ball, location: 2F
2-1: Fly out, F6 (Line Drive, 6, EV 67.5 MPH)
Batting: LHB Matt Dunlap 0-0: Ball
1-0: Fly out, F7 (Flyball, 78S, EV 93.1 MPH)
Batting: RHB Baldomero Avino 0-0: Ball
1-0: Swinging Strike
1-1: Called Strike
1-2: Ball
2-2: Fly out, F9 (Flyball, 89S, EV 91.9 MPH)
Top of the 5th over - 0 runs, 0 hits, 0 errors, 0 left on base; Toledo 3 - Boston 2
BOTTOM OF THE 5TH
Boston Patriots batting - Pitching for Toledo Stingers : LHP Craig Fitzgerald
Batting: LHB Juan Andrés Martí 0-0: Called Strike
0-1: Ball
1-1: Ball
2-1: Foul Ball, location: 2F
2-2: Fly out, F7 (Flyball, 78S, EV 96.2 MPH)
Batting: RHB Tyler Bowen 0-0: Ball
1-0: Ball
2-0: Foul Ball, location: 2F
2-1: Called Strike
2-2: Ball
3-2: Base on Balls
Batting: SHB Eisse van Opdorp 0-0: Foul Ball, location: 2F
0-1: Ball
1-1: Ball
2-1: Called Strike
2-2: Ball
3-2: SINGLE (Groundball, 56D, EV 110.6 MPH)
Tyler Bowen to second
Batting: SHB Jasper Morrison 0-0: Called Strike
0-1: Called Strike
0-2: Ball
1-2: Strikes out looking
Batting: RHB Jon Osterman 0-0: Foul Ball, location: 2F
0-1: Called Strike
0-2: Ball
1-2: Strikes out swinging
Bottom of the 5th over - 0 runs, 1 hit, 0 errors, 2 left on base; Toledo 3 - Boston 2
TOP OF THE 6TH
Toledo Stingers batting - Pitching for Boston Patriots : RHP Joy-shan Men
Pitching: LHP Jorge Gil
Batting: LHB Pedro Serano 0-0: Ball
1-0: Foul Ball, location: 2F
1-1: Foul Ball, location: 2F
1-2: Ball
2-2: Strikes out swinging
Batting: SHB Adam Clements 0-0: Called Strike
0-1: Called Strike
0-2: Foul Ball, location: 2F
0-2: Foul Ball, location: 2F
0-2: Ball
1-2: Ball
2-2: Foul Ball, location: 2F
2-2: Ball
3-2: Ground out 5-3 (Groundball, 56, EV 86.2 MPH)
Batting: RHB Anselmo Berneu 0-0: Ball
1-0: Swinging Strike
1-1: Ball
2-1: Ball
3-1: Swinging Strike
3-2: Strikes out swinging
Top of the 6th over - 0 runs, 0 hits, 0 errors, 0 left on base; Toledo 3 - Boston 2
BOTTOM OF THE 6TH
Boston Patriots batting - Pitching for Toledo Stingers : LHP Craig Fitzgerald
Batting: RHB Alfredo Araújo 0-0: Called Strike
0-1: Ground out 5-3 (Groundball, 5D, EV 89.4 MPH)
Batting: RHB Eikki Kankaanperä 0-0: Ball
1-0: Called Strike
1-1: Foul Ball, location: 2F
1-2: Strikes out swinging
Batting: RHB Juan Dávila 0-0: Called Strike
0-1: Ground out 6-3 (Groundball, 6S, EV 78.1 MPH)
Bottom of the 6th over - 0 runs, 0 hits, 0 errors, 0 left on base; Toledo 3 - Boston 2
TOP OF THE 7TH
Toledo Stingers batting - Pitching for Boston Patriots : LHP Jorge Gil
Batting: RHB Jesse Garrett 0-0: Called Strike
0-1: Foul Ball, location: 2F
0-2: Ball
1-2: Foul Ball, location: 2F
1-2: Ball
2-2: Ball
3-2: Base on Balls
Batting: LHB Grover Barbaran 0-0: Ball
1-0: Called Strike
1-1: Fly out, F4 (Line Drive, 4, EV 75.0 MPH)
Batting: RHB Brook Linen 0-0: Ball
1-0: Called Strike
1-1: Ball
2-1: Called Strike
2-2: Strikes out looking
Batting: LHB Lester Threlfall 0-0: Ball
1-0: Foul Ball, location: 2F
1-1: Fly out, F7 (Flyball, 7S, EV 89.4 MPH)
Top of the 7th over - 0 runs, 0 hits, 0 errors, 1 left on base; Toledo 3 - Boston 2
BOTTOM OF THE 7TH
Boston Patriots batting - Pitching for Toledo Stingers : LHP Craig Fitzgerald
Now at 3B: Chet Clifton
Batting: RHB Brevyn Spann-Ford 0-0: Foul Ball, location: 2F
0-1: Ground out 4-3 (Groundball, 4, EV 84.4 MPH)
Batting: LHB Juan Andrés Martí 0-0: Called Strike
0-1: Ball
1-1: Ball
2-1: Swinging Strike
2-2: Strikes out looking
Batting: RHB Tyler Bowen 0-0: Ball
1-0: Ball
2-0: Ball
3-0: Called Strike
3-1: Foul Ball, location: 2F
3-2: Ground out 5-3 (Groundball, 56S, EV 81.2 MPH)
Bottom of the 7th over - 0 runs, 0 hits, 0 errors, 0 left on base; Toledo 3 - Boston 2
TOP OF THE 8TH
Toledo Stingers batting - Pitching for Boston Patriots : LHP Jorge Gil
Batting: LHB Matt Dunlap 0-0: Ball
1-0: Swinging Strike
1-1: Foul Ball, location: 2F
1-2: Ball
2-2: Ball
3-2: Fly out, F9 (Flyball, 9D, EV 88.8 MPH)
Pitching: LHP Bradley Roth
Batting: RHB Baldomero Avino 0-0: Reached on error, E6 (Groundball, 6, EV 86.9 MPH)
Batting: LHB Pedro Serano 0-0: Foul Ball, location: 2F
0-1: Ball
1-1: Ball
2-1: Foul Ball, location: 2F
2-2: Foul Ball, location: 2F
2-2: Fielders Choice at 2nd, 4-6 (Groundball, 34, EV 89.4 MPH)
Batting: SHB Adam Clements Pickoff Throw to First - Out! 1-3
Top of the 8th over - 0 runs, 0 hits, 1 error, 0 left on base; Toledo 3 - Boston 2
BOTTOM OF THE 8TH
Boston Patriots batting - Pitching for Toledo Stingers : LHP Craig Fitzgerald
Batting: SHB Eisse van Opdorp 0-0: Foul Ball, location: 2F
0-1: Foul Ball, location: 2F
0-2: Foul Ball, location: 2F
0-2: Foul Ball, location: 2F
0-2: Ball
1-2: DOUBLE (Flyball, 89XD, EV 102.5 MPH)
Pitching: RHP Yoriyoshi Sugimoto
Batting: SHB Jasper Morrison 0-0: Foul Ball, location: 2F
0-1: Called Strike
0-2: Foul Ball, location: 2F
0-2: Ball
1-2: Ball
2-2: Ball
3-2: Foul Ball, location: 2F
3-2: Base on Balls
Batting: RHB Jon Osterman 0-0: Swinging Strike
0-1: Ball
1-1: Swinging Strike
1-2: Foul Ball, location: 2F
1-2: Ball
2-2: Foul Ball, location: 2F
2-2: Foul Ball, location: 2F
2-2: Fly out, F7 (Line Drive, 7D, EV 95.0 MPH)
Runner from 2nd tags up, SAFE at 3rd, no throw by LF
Batting: RHB Alfredo Araújo 0-0: Ball
1-0: Called Strike
1-1: Ball
2-1: Swinging Strike
2-2: Foul Ball, location: 2F
2-2: SINGLE (Line Drive, 89S, EV 108.8 MPH)
Eisse van Opdorp scores
Jasper Morrison to second
Batting: RHB Eikki Kankaanperä 0-0: Ball
1-0: Called Strike
1-1: Ball
2-1: Ball
3-1: Swinging Strike
3-2: Fielders Choice at 2nd, 1-6 (Groundball, 13, EV 66.9 MPH)
Jasper Morrison to third
Batting: RHB Juan Dávila 0-0: Ball
1-0: Fly out, F7 (Flyball, 7, EV 87.5 MPH)
Bottom of the 8th over - 1 run, 2 hits, 0 errors, 2 left on base; Toledo 3 - Boston 3
TOP OF THE 9TH
Toledo Stingers batting - Pitching for Boston Patriots : LHP Bradley Roth
Batting: SHB Adam Clements 0-0: Ground out 6-3 (Groundball, 6, EV 101.2 MPH)
Batting: RHB Anselmo Berneu 0-0: Called Strike
0-1: Ball
1-1: Foul Ball, location: 2F
1-2: Strikes out looking
Pinch Hitting: RHB David Alcabú 0-0: Ball
1-0: Ball
2-0: SINGLE (Groundball, 56S, EV 71.2 MPH) (infield hit)
Batting: LHB Grover Barbaran 0-0: Ball
David Alcabú steals 2nd base
1-0: Swinging Strike
1-1: Swinging Strike
1-2: Foul Ball, location: 2F
1-2: Ground out 6-3 (Groundball, 6, EV 76.2 MPH)
Top of the 9th over - 0 runs, 1 hit, 0 errors, 1 left on base; Toledo 3 - Boston 3
BOTTOM OF THE 9TH
Boston Patriots batting - Pitching for Toledo Stingers : RHP Yoriyoshi Sugimoto
Now at 3B: David Alcabú
Batting: RHB Brevyn Spann-Ford 0-0: Called Strike
0-1: Ball
1-1: Fly out, F9 (Flyball, 9LS, EV 87.5 MPH)
Batting: LHB Juan Andrés Martí 0-0: Ball
1-0: Foul Ball, location: 2F
1-1: Called Strike
1-2: Ball
2-2: TRIPLE (Flyball, 8RXD, EV 100.6 MPH)
Pitching: RHP Adam Durango
Batting: RHB Tyler Bowen 0-0: Ball
1-0: Ball
2-0: Foul Ball, location: 2F
2-1: Foul Ball, location: 2F
2-2: Ball
3-2: Base on Balls
Batting: SHB Eisse van Opdorp 0-0: Ball
1-0: Hit by Pitch
Tyler Bowen to second
Batting: SHB Jasper Morrison 0-0: Ball
1-0: Foul Ball, location: 2F
1-1: Called Strike
1-2: Strikes out swinging
Batting: RHB Jon Osterman 0-0: Fly out, F8 (Flyball, 8RXD, EV 90.0 MPH)
Bottom of the 9th over - 0 runs, 1 hit, 0 errors, 3 left on base; Toledo 3 - Boston 3
TOP OF THE 10TH
Toledo Stingers batting - Pitching for Boston Patriots : LHP Bradley Roth
Batting: RHB Brook Linen 0-0: Ball
1-0: Foul Ball, location: 2F
1-1: Swinging Strike
1-2: SINGLE (Flyball, 7LM, EV 86.2 MPH)
Batting: LHB Lester Threlfall 0-0: Ball
Brook Linen steals 2nd base
1-0: Swinging Strike
1-1: Fly out, F1 (Line Drive, P, EV 70.0 MPH)
Batting: LHB Matt Dunlap 0-0: Ball
1-0: Swinging Strike
1-1: Called Strike
1-2: Strikes out swinging
Batting: RHB Baldomero Avino 0-0: Intentional Walk
Pitching: LHP Rafael Herrera
Batting: LHB Pedro Serano 0-0: Swinging Strike
0-1: Ball
1-1: Called Strike
1-2: Ball
2-2: DOUBLE (Groundball, 3L, EV 106.2 MPH)
Brook Linen scores
Baldomero Avino to third
Runner from 3rd tries for Home, SAFE, no throw by RF
Batting: SHB Adam Clements 0-0: Foul Ball, location: 2F
0-1: Ball
1-1: Foul Ball, location: 2F
1-2: Ball
2-2: SINGLE (Line Drive, 78S, EV 98.8 MPH)
Pedro Serano to third
Batting: RHB Anselmo Berneu 0-0: Ball
1-0: Swinging Strike
1-1: Ball
2-1: TRIPLE (Flyball, 89XD, EV 98.1 MPH)
Pedro Serano scores
Adam Clements scores
Batting: RHB David Alcabú 0-0: Swinging Strike
0-1: Ball
1-1: Ball
2-1: Called Strike
2-2: Ball
3-2: SINGLE (Line Drive, 8RS, EV 105.0 MPH)
Anselmo Berneu scores
Pitching: RHP Jeremy Gonzáles
Batting: LHB Grover Barbaran 0-0: Ball
1-0: SINGLE (Flyball, 9S, EV 92.5 MPH)
David Alcabú to second
Runner from 2nd tries for 3rd, SAFE, throw by RF made to third
Batting: RHB Brook Linen 0-0: Ground out 1-3 (Groundball, P, EV 86.2 MPH)
Top of the 10th over - 5 runs, 6 hits, 0 errors, 2 left on base; Toledo 8 - Boston 3
BOTTOM OF THE 10TH
Boston Patriots batting - Pitching for Toledo Stingers : RHP Adam Durango
Batting: RHB Alfredo Araújo 0-0: Fly out, F8 (Flyball, 8RM, EV 85.0 MPH)
Batting: RHB Eikki Kankaanperä 0-0: Called Strike
0-1: Ball
1-1: Swinging Strike
1-2: Fly out, F9 (Flyball, 9LSF, EV 87.5 MPH)
Batting: RHB Juan Dávila 0-0: Called Strike
0-1: Foul Ball, location: 2F
0-2: Ball
1-2: Ground out 6-3 (Groundball, 6, EV 76.9 MPH)
Bottom of the 10th over - 0 runs, 0 hits, 0 errors, 0 left on base; Toledo 8 - Boston 3
Friday, March 26th, 2021 - OOTP Baseball 20.8 Build 74